 Dungeon Crawl Stone Soup version 0.23.0-3-gf3c87f2 (webtiles) character file.

Game seed: 12270975134387918530

95 Kairos the Chopper (level 4, 0/37 HPs)
             Began as a Ghoul Gladiator on Feb 20, 2019.
             Slain by a worker ant (3 damage)
             ... on level 2 of the Dungeon.
             The game lasted 00:01:45 (1495 turns).

Kairos the Chopper (Ghoul Gladiator)                Turns: 1495, Time: 00:01:46

Health: 0/37       AC:  6    Str: 18    XL:     4   Next: 65%
Magic:  3/3        EV: 12    Int:  3    God:
Gold:   71         SH:  0    Dex: 10    Spells: 3/3 levels left

rFire    . . .     SeeInvis .   l - +0 lajatang
rCold    + . .     Gourm    .   (shield currently unavailable)
rNeg     + + +     Faith    .   m - +0 ring mail
rPois    ∞         Spirit   .   c - +0 helmet
rElec    .         Reflect  .   (no cloak)
rCorr    .         Harm     .   (no gloves)
MR       .....                  (no boots)
Stlth    ..........             (no amulet)
HPRegen  0.00/turn              (no ring)
MPRegen  0.08/turn              (no ring)

@: rotting
A: rotting body, claws 1, carnivore, cold resistance 1, negative energy
resistance 3, inhibited regeneration, torment resistance, unbreathing
a: no special abilities


You were on level 2 of the Dungeon.
You were not hungry.

You visited 1 branch of the dungeon, and saw 2 of its levels.

You collected 71 gold pieces.

Inventory:

Hand Weapons
 a - a +0 war axe
 l - a +0 lajatang (weapon)
Missiles
 d - 3 throwing nets (quivered)
Armour
 b - a +0 leather armour
 c - a +0 helmet (worn)
 m - a +0 ring mail (worn)
Scrolls
 e - a scroll of immolation {unknown}
 h - a scroll of amnesia {unknown}
 j - 2 scrolls of identify {unknown}
Potions
 g - a potion of flight {unknown}
 i - a potion of resistance {unknown}
 k - 2 potions of curing {unknown}
Comestibles
 f - 2 rations


   Skills:
 + Level 2.5 Fighting
 + Level 3.6 Axes
 + Level 1.8 Throwing
 + Level 1.2 Armour
 + Level 3.5 Dodging


You had 3 spell levels left.
You didn't know any spells.
Your spell library was empty.

Dungeon Overview and Level Annotations

Branches:
Dungeon (2/15)

Altars:


Innate Abilities, Weirdness & Mutations

Your body is rotting away.
You thrive on raw meat.
You are immune to poison.
You have sharp fingernails.
You are carnivorous and can eat meat at any time.
Your flesh is cold resistant. (rC+)
You are immune to negative energy. (rN+++)
You do not regenerate when monsters are visible.
You are immune to unholy pain and torment.
You can survive without breathing.


Message History

The worker ant bites you but does no damage.
The bat misses you. The worker ant barely misses you.
You see here a +0 dagger.
The bat hits you but does no damage.
The worker ant bites you but does no damage.
The bat barely misses you. The bat hits you but does no damage.
The bat completely misses you. The bat hits you but does no damage.
The worker ant barely misses you. The bat hits you but does no damage.
You slash the bat!
You kill the bat!
The worker ant bites you.
* * * LOW HITPOINT WARNING * * *
The worker ant bites you but does no damage.
The worker ant bites you!
* * * LOW HITPOINT WARNING * * *
The worker ant closely misses you. The worker ant bites you.
You die...

####.##.##### #.#
#..#.# .. #.# #.#.# .#
#.# #.#.# .# #.#
#...###.#
#########.######......#
#......................
#....................##
#....a@).......).>...'.
#.(?.................##
#...................†#
#.!..................#
#........?...>.....%.#
#.................####
...................#
####+#####.#########


You could see a worker ant.

Vanquished Creatures
  A hound skeleton (D:2)
  3 adders (D:2)
  A gnoll (D:1)
  An ooze (D:1)
  2 worms (D:2)
  A dart slug (D:1)
  A leopard gecko (D:1)
  2 bats (D:2)
  3 giant cockroaches (D:1)
  4 goblins
  2 hobgoblins (D:1)
  3 kobolds
  4 frilled lizards
  7 rats
35 creatures vanquished.

Notes
Turn   | Place    | Note
-------+----------+-------------------------------------------
     0 | D:1      | Kairos the Ghoul Gladiator began the quest for the Orb.
     0 | D:1      | Reached XP level 1. HP: 17/17 MP: 0/0
   128 | D:1      | Reached XP level 2. HP: 21/25 MP: 1/1
   445 | D:1      | Reached XP level 3. HP: 22/30 MP: 2/2
   837 | D:2      | Reached XP level 4. HP: 6/37 MP: 3/3
  1477 | D:2      | Reached skill level 1 in Armour
  1495 | D:2      | Slain by a worker ant

Skill      XL: |  1  2  3  4 |
---------------+-------------+-----
Dodging        | 3 |  3.5
Axes           | 3 |  3.6
Armour         | 1 |  1.2
Fighting       | |  2.5
Throwing       | |  1.8

Action                   |  1- 3 |  4- 6 || total
-------------------------+-------+-------++-------
Melee: War axe           |    98 |    21 ||   119
       Lajatang          |       |    34 ||    34
  Eat: Chunk             |     1 |     1 ||     2
Armor: Leather armour    |    27 |       ||    27
       Ring mail         |       |    68 ||    68
Dodge: Dodged            |    74 |    82 ||   156
